 Dungeon Crawl Stone Soup version 0.20.1-1-g8b1a95d (webtiles) character file.

124 Ymberti the Magician (level 4, -1/24 HPs)
             Began as a Deep Elf Fire Elementalist on Sept 20, 2017.
             Killed from afar by an orc wizard (8 damage)
             ... with a magic dart
             ... on level 3 of the Dungeon.
             The game lasted 00:11:30 (1805 turns).

Ymberti the Magician (Deep Elf Fire Elementalist)   Turns: 1805, Time: 00:11:31

Health: -1/24      AC:  5    Str:  5    XL:     4   Next: 81%
Magic:  6/12       EV: 13    Int: 21    God:
Gold:   132        SH:  0    Dex: 17    Spells: 5/11 levels left

rFire    . . .     SeeInvis .   p - +0 long sword
rCold    . . .     Gourm    .   (no shield)
rNeg     . . .     Faith    .   k - +0 robe
rPois    .         Spirit   .   m - +0 helmet
rElec    .         Reflect  .   (no cloak)
rCorr    .         Harm     .   g - +1 pair of gloves
MR       .....                  (no boots)
Stlth    ++........             (no amulet)
Regen    0.1/turn               d - +2 ring of dexterity
MPRegen  0.2/turn               e - ring of flight

@: about to teleport, very slightly contaminated
A: no striking features
a: Evoke Flight


You were on level 3 of the Dungeon.
You were not hungry.

You visited 1 branch of the dungeon, and saw 3 of its levels.

You collected 132 gold pieces.

Inventory:

Hand Weapons
 p - a +0 long sword (weapon)
Armour
 g - a +1 pair of gloves (worn)
 k - a +0 robe (worn)
 m - a +0 helmet (worn)
Jewellery
 d - a +2 ring of dexterity (left hand)
 e - a ring of flight (right hand)
Scrolls
 f - a scroll of teleportation
 h - a scroll of enchant armour
 n - a scroll of magic mapping {unknown}
 o - a scroll of remove curse {unknown}
Potions
 i - a potion of ambrosia
 j - 2 potions of flight
 l - 3 potions of curing {unknown}
Books
 b - a book of Flames

   Spells                             Type                      Level
   a - Flame Tongue                   Conjuration/Fire             1
   b - Throw Flame                    Conjuration/Fire             2
   c - Conjure Flame                  Conjuration/Fire             3
   d - Inner Flame                    Hexes/Fire                   3
   e - Sticky Flame                   Conjuration/Fire             4
   f - Fireball                       Conjuration/Fire             5
Comestibles
 a - 3 meat rations
 c - 5 bread rations


   Skills:
 + Level 0.1 Fighting
   Level 0.2(0.3) Short Blades
 + Level 0.3(0.4) Long Blades
 + Level 2.9 Dodging
 + Level 2.8 Stealth
 + Level 4.3 Spellcasting
 + Level 2.5 Conjurations
 + Level 4.2 Fire Magic


You had 5 spell levels left.
You knew the following spells:

 Your Spells              Type           Power        Failure   Level  Hunger
a - Flame Tongue          Conj/Fire      ###..        2%          1    None
b - Throw Flame           Conj/Fire      ###...       4%          2    #......
c - Conjure Flame         Conj/Fire      ###.....     9%          3    ##.....


Dungeon Overview and Level Annotations

Branches:
Dungeon (3/15)

Altars:


Message History

The flame tongue hits the orc wizard.
The orc wizard is severely wounded.
The orc wizard gestures at you while chanting.
The magic dart hits you!
Casting: Flame Tongue
Confirm with . or Enter, or press ? or * to list all spells.
Aiming: Flame Tongue
Press: ? - help, Shift-Dir - straight line, f/p - orc wizard
Aim: an orc wizard, wielding a dagger and wearing a robe (severely wounded)
The flame tongue hits the orc warrior.
The orc warrior appears unharmed.
The orc warrior hits you with a battleaxe.
* * * LOW HITPOINT WARNING * * *
A centaur skeleton comes into view.
The orc wizard gestures wildly while chanting.
The orc wizard seems to speed up.
As you read the scroll labeled NEER NIOSCHA, it crumbles to dust.
You feel strangely unstable.
It was a scroll of teleportation.
The orc wizard gestures at you while chanting.
The magic dart hits you!
You die...

#.....## #.....#
.# #.(..## .#
####.# ..#. #.#
...Z #.# #..#
#.# #...#
#.####...#
#####.##.@...#
#......oo..#.#
#......).......#
#...........#.##
#..........## #
#..........#
#####.###### #.#
#.#


You could see an orc warrior, an orc wizard and a centaur skeleton.

Vanquished Creatures
  An orc priest (D:3)
  Robin (D:2)
  2 adders (D:2)
  2 worms (D:2)
  A dart slug (D:1)
  A leopard gecko (D:2)
  5 bats
  3 giant cockroaches
  10 goblins
  9 hobgoblins
  4 jackals (D:2)
  9 kobolds
  2 frilled lizards (D:2)
  5 rats
55 creatures vanquished.

Notes
Turn   | Place    | Note
-------+----------+-------------------------------------------
     0 | D:1      | Ymberti the Deep Elf Fire Elementalist began the quest for the Orb.
     0 | D:1      | Reached XP level 1. HP: 10/10 MP: 6/6
   234 | D:1      | Reached XP level 2. HP: 15/15 MP: 5/8
   881 | D:2      | Reached XP level 3. HP: 17/19 MP: 2/10
  1028 | D:2      | Learned a level 2 spell: Throw Flame
  1032 | D:2      | Learned a level 3 spell: Conjure Flame
  1369 | D:2      | Noticed Robin
  1420 | D:2      | Reached XP level 4. HP: 17/24 MP: 2/11
  1515 | D:2      | Killed Robin
  1797 | D:3      | Noticed an orc warrior
  1805 | D:3      | Killed from afar by an orc wizard

Skill      XL: |  1  2  3  4 |
---------------+-------------+-----
Fire Magic     | 4 |  4.2
Conjurations   | 2 |  2.5
Spellcasting   | 4 |  4.3
Fighting       | |  0.1
Short Blades   | |  0.2
Long Blades    | |  0.3
Dodging        | |  2.9
Stealth        | |  2.8

Action                   |  1- 3 |  4- 6 || total
-------------------------+-------+-------++-------
Melee: Unarmed           |     3 |       ||     3
       Dagger            |    11 |       ||    11
       Long sword        |     4 |    14 ||    18
 Cast: Flame Tongue      |    59 |    26 ||    85
       Throw Flame       |     4 |       ||     4
       Conjure Flame     |     1 |     1 ||     2
  Use: Scroll            |     6 |     1 ||     7
       Potion            |       |     1 ||     1
 Stab: Sleeping          |     1 |       ||     1
  Eat: Royal jelly       |     2 |       ||     2
Armor: Robe              |     6 |     5 ||    11
Dodge: Dodged            |    40 |    20 ||    60
       Rpst.: Long sword |     3 |     6 ||     9
